 Dungeon Crawl Stone Soup version 0.19-a0-27-g415f530 (webtiles) character file.

382 jyri the Grappler (level 6, -3/51 HPs)
             Began as a Ghoul Monk on May 1, 2016.
             Slain by a wyvern zombie (11 damage)
             ... on level 5 of the Dungeon.
             The game lasted 00:24:20 (2244 turns).

jyri the Grappler (Ghoul Monk)                      Turns: 2244, Time: 00:24:26

Health: -3/51      AC: 10    Str: 17    XL:     6   Next: 76%
Magic:  5/5        EV:  7    Int:  5    God:
Gold:   139        SH:  0    Dex: 11    Spells: 0 memorised, 5 levels left

rFire  . . .     SeeInvis .       - Unarmed
rCold  + . .     Gourm    .     n - +0 chain mail
rNeg   + + +     Faith    .     (no shield)
rPois  ∞         Spirit   .     p - +0 helmet (curse)
rElec  .         Dismiss  .     d - +0 cloak
rCorr  .         Reflect  .     (no gloves)
SustAt .         Harm     .     (no boots)
MR     .....                    (no amulet)
Stlth  ..........               (no ring)
                                (no ring)

@: rotting, not resistant to hostile enchantments, extremely unstealthy
A: rotting body, claws 1, carnivore 3, cold resistance 1, negative energy
resistance 3, slow regeneration 1, torment resistance, unbreathing
a: no special abilities


You were on level 5 of the Dungeon.
You were not hungry.

You visited 1 branch of the dungeon, and saw 5 of its levels.

You collected 139 gold pieces.

Inventory:

Armour
 d - a +0 cloak (worn)
 e - a +2 ring mail of fire resistance
 n - a +0 chain mail (worn)
 p - a cursed +0 helmet (worn)
Scrolls
 c - a scroll of recharging {unknown}
 h - 2 scrolls of immolation {unknown}
 j - 2 scrolls of magic mapping {unknown}
 m - 2 scrolls of enchant weapon {unknown}
 q - a scroll of fear {unknown}
Potions
 a - a potion of brilliance
 g - a potion of resistance
 i - a potion of curing
 k - a potion of berserk rage
 r - a potion of heal wounds {unknown}
Comestibles
 b - 3 meat rations
 f - 2 slices of pizza
 l - a beef jerky
 o - 2 chunks of flesh


   Skills:
 - Level 3.2 Fighting
 - Level 2.6 Dodging
 - Level 2.1 Stealth
 + Level 8.6 Unarmed Combat


You had 5 spell levels left.
You didn't know any spells.

Dungeon Overview and Level Annotations

Branches:
Dungeon (5/15)             Temple (0/1) D:4

Altars:
The Shining One

Shops:
D:4 [

Annotations:
D:3 simok's ghost, amateur MiMo
D:5 Grinder


Innate Abilities, Weirdness & Mutations

Your body is rotting away.
You thrive on raw meat.
You are immune to poison.
You have sharp fingernails.
You are carnivorous and can eat meat at any time.
Your flesh is cold resistant.
You are immune to negative energy.
You regenerate slowly when monsters are visible.
You are immune to unholy pain and torment.
You can survive without breathing.


Message History

Menkaure is almost destroyed.
Menkaure hits you! Grinder hits you but does no damage.
You scratch Menkaure.
You destroy Menkaure!
Grinder hits you but does no damage. Grinder gestures at you.
You suddenly lose the ability to move!
Grinder gestures at you.
You are unaffected.
Grinder rolls his eyes.
Grinder gestures at you.
You shrug off the repeated paralysis!
Grinder hits you. Grinder gestures at you.
You are unaffected.
You can move again.
You climb downwards.
The wyvern zombie bites you!
* * * LOW HITPOINT WARNING * * *
The wyvern zombie bites you!
You die...

.#######.# .....##.#
#......# #.>....## ###
. ####.......# ...#.
...........# [..#
#.......# #..#
###.##Z5# #..# #.##@.#
#..## #.##..#
#...########)##..#
#............##..#
#...#######..##..#.#
#.#########......#.#
#.# #.............# #.#
#.#####..###......
#.####.#####..###..####


You could see Grinder and a wyvern zombie.

Vanquished Creatures
  Menkaure (D:4)
  Blork the orc (D:5)
  A quasit (D:5)
  An orc wizard (D:4)
  4 adders
  4 worms (D:2)
  2 dart slugs (D:2)
  A giant gecko (D:2)
  10 orcs
  A ball python (D:3)
  3 giant cockroaches
  8 goblins
  11 hobgoblins
  A quokka (D:2)
  11 bats
  A giant gecko skeleton (D:4)
  2 giant newts
  6 kobolds
  4 rats
73 creatures vanquished.

Notes
Turn   | Place    | Note
--------------------------------------------------------------
     0 | D:1      | jyri the Ghoul Monk began the quest for the Orb.
     0 | D:1      | Reached XP level 1. HP: 19/19 MP: 0/0
   178 | D:1      | Reached XP level 2. HP: 26/26 MP: 1/1
   311 | D:1      | Reached skill level 5 in Unarmed Combat
   756 | D:2      | Reached XP level 3. HP: 23/30 MP: 2/2
   869 | D:2      | Found a glowing golden altar of the Shining One.
  1084 | D:2      | Reached skill level 6 in Unarmed Combat
  1084 | D:2      | Reached XP level 4. HP: 37/38 MP: 3/3
  1519 | D:3      | Noticed simok's ghost (amateur MiMo)
  1762 | D:3      | Reached XP level 5. HP: 41/44 MP: 4/4
  1870 | D:4      | Found Dobai's Antique Armour Boutique.
  1970 | D:4      | Noticed Grinder
  1974 | D:4      | Found a staircase to the Ecumenical Temple.
  1979 | D:4      | Reached skill level 7 in Unarmed Combat
  2005 | D:4      | Paralysed by Grinder for 3 turns
  2010 | D:4      | Paralysed by Grinder for 2 turns
  2038 | D:5      | Entered Level 5 of the Dungeon
  2152 | D:5      | Noticed Blork the orc
  2163 | D:5      | Killed Blork the orc
  2163 | D:5      | Reached skill level 8 in Unarmed Combat
  2163 | D:5      | Reached XP level 6. HP: 48/51 MP: 5/5
  2211 | D:5      | Noticed Menkaure
  2238 | D:4      | Killed Menkaure
  2239 | D:4      | Paralysed by Grinder for 5 turns
  2244 | D:5      | Slain by a wyvern zombie

Vault maps used:
D:1:      dpeg_arrival_castle
D:2:      overflow_temple_1_default
D:3:      tgw_trog
D:4:      minmay_temple_entry_grid, serial_shops, shop, item_on_display_a,
          uniq_robin, uniq_grinder
D:5:      first_bread, gammafunk_pakellas_statue_experiment, uniq_menkaure,
          uniq_eustachio, uniq_blork_the_orc

Skill      XL: |  1  2  3  4  5 |
---------------+----------------+-----
Unarmed Combat | 5 6 8 |  8.6
Fighting       | |  3.2
Dodging        | |  2.6
Stealth        | |  2.1

Action                   |  1- 3 |  4- 6 || total
-------------------------+-------+-------++-------
Melee: Unarmed           |    91 |   150 ||   241
       Punch             |     2 |       ||     2
  Use: Scroll            |     4 |     1 ||     5
 Stab: Sleeping          |     4 |       ||     4
  Eat: Chunk             |     9 |     7 ||    16
Armor: Leather armour    |    29 |       ||    29
       Robe              |     2 |       ||     2
       Chain mail        |     5 |   111 ||   116
Dodge: Dodged            |    66 |    60 ||   126
